 Dungeon Crawl Stone Soup version 0.19-a0-231-gae044c8 (webtiles) character file.

2 ololoev the Sneak (level 1, -1/9 HPs)
             Began as a Spriggan Enchanter on May 24, 2016.
             Slain by a goblin
             ... wielding a +0 club
              (5 damage)
             ... on level 1 of the Dungeon.
             The game lasted 00:00:43 (269 turns).

ololoev the Sneak (Spriggan Enchanter)               Turns: 269, Time: 00:00:44

Health: -1/9       AC:  3    Str:  4    XL:     1   Next: 25%
Magic:  4/5        EV: 18    Int: 16    God:
Gold:   31         SH:  0    Dex: 16    Spells: 1 memorised, 4 levels left

rFire  . . .     SeeInvis +     a - +1 dagger
rCold  . . .     Gourm    .     b - +1 robe
rNeg   . . .     Faith    .     (shield restricted)
rPois  .         Spirit   .     (helmet restricted)
rElec  .         Dismiss  .     (no cloak)
rCorr  .         Reflect  .     (gloves unavailable)
SustAt .         Harm     .     (boots unavailable)
MR     .....                    (no amulet)
Stlth  +++.......               (no ring)
                                (no ring)

@: very quick, not resistant to hostile enchantments, fairly stealthy
A: unfitting armour, see invisible, herbivore 3, speed 3, slow metabolism 2
a: no special abilities


Innate Abilities, Weirdness & Mutations

You are tiny and cannot use many weapons and most armour.
You have supernaturally acute eyesight. (SInv)
You are a herbivore.
You cover ground extremely quickly.
You need consume almost no food.

Inventory:

Hand Weapons
 a - a +1 dagger (weapon)
Armour
 b - a +1 robe (worn)
Scrolls
 f - a scroll of fog {unknown}
 g - a scroll of magic mapping {unknown}
 h - 2 scrolls of identify {unknown}
Potions
 e - a potion of resistance {unknown}
Books
 c - a book of Maledictions

   Spells                             Type                      Level
   a - Corona                         Hexes                        1
   b - Ensorcelled Hibernation        Hexes/Ice                    2
   c - Confuse                        Hexes                        3
   d - Tukima's Dance                 Hexes                        3
   e - Dazzling Spray                 Conjuration/Hexes            3
Comestibles
 d - a bread ration


   Skills:
 * Level 1.2 Short Blades
 - Level 3.0 Dodging
 + Level 4.4 Stealth
 * Level 2.7 Spellcasting
 * Level 3.7 Hexes


You had 4 spell levels left.
You knew the following spells:

 Your Spells              Type           Power        Failure   Level  Hunger
a - Corona                Hex            ##.....      6%          1    #......


You were on level 1 of the Dungeon.
You were not hungry.

You visited 1 branch of the dungeon, and saw 1 of its levels.

You collected 31 gold pieces.

....... .......
...... ##.... .
..... ..? ...
.##..#.###
......g@.#
.#####.#.# .........
###.# #........ #.#
. #........ # #.#
.## #........
#.##.##..# #........
#...l.##.# #........
####..##.###........
#................

Notes
Turn   | Place    | Note
--------------------------------------------------------------
     0 | D:1      | ololoev the Spriggan Enchanter began the quest for the Orb.
     0 | D:1      | Reached XP level 1. HP: 9/9 MP: 5/5
   269 | D:1      | Slain by a goblin

Dungeon Overview and Level Annotations

Branches:
Dungeon (1/15)

Altars:


Message History

A giant gecko is nearby!
Casting: Corona
Confirm with . or Enter, or press ? or * to list all spells.
Aiming: Corona
Press: ? - help, Shift-Dir - straight line, f - giant gecko
Aim: a giant gecko (chance to defeat MR: 83%)
The giant gecko is outlined in light.
The giant gecko closely misses you.
You hit the giant gecko.
The giant gecko is moderately wounded.
The giant gecko misses you.
You closely miss the giant gecko.
The giant gecko is moderately wounded.
The giant gecko misses you.
The giant gecko bites you but does no damage.
You barely miss the giant gecko.
The giant gecko is moderately wounded.
The giant gecko bites you.
Ouch! That really hurt!
You are too injured to fight recklessly!
You hit the giant gecko.
The giant gecko is almost dead.
The giant gecko completely misses you.
You barely miss the giant gecko.
The giant gecko is almost dead.
The giant gecko closely misses you.
You hit the giant gecko.
You kill the giant gecko!
You start resting.
Magic restored.
You start resting.
HP restored.
A kobold comes into view. It is wielding a short sword.
The kobold shouts!
A kobold is nearby!
A kobold is nearby!
A kobold is nearby!
You see here a scroll labeled BORONA WIKHLIA.
g - a scroll labeled BORONA WIKHLIA A giant newt comes into view.
The giant newt moves out of view.
Casting: Corona
Confirm with . or Enter, or press ? or * to list all spells.
Aiming: Corona
Press: ? - help, Shift-Dir - straight line, f - kobold
Aim: a kobold, wielding a short sword (chance to defeat MR: 84%)
The kobold barely resists.
The kobold throws a stone.
The stone barely misses you.
Casting: Corona
Confirm with . or Enter, or press ? or * to list all spells.
Aiming: Corona
Press: ? - help, Shift-Dir - straight line, f/p - kobold
Aim: a kobold, wielding a short sword (chance to defeat MR: 84%)
The kobold is outlined in light.
The kobold throws a stone.
The stone barely misses you. The kobold hits you with a short sword.
You hit the kobold but do no damage. The kobold hits you with a short sword.
The giant newt closely misses you.
The kobold throws a stone.
The stone closely misses you.
Found 2 scrolls labeled YGOECIZEECW.
h - 2 scrolls labeled YGOECIZEECW A goblin comes into view.
It is wielding a club.
The goblin shouts!
Found a scroll labeled ZIBIQU MUMI.
Casting: Corona
Confirm with . or Enter, or press ? or * to list all spells.
Aiming: Corona
Press: ? - help, Shift-Dir - straight line, f - goblin
Aim: a goblin, wielding a club (chance to defeat MR: 84%)
The goblin is outlined in light.
You hit the goblin.
The goblin is heavily wounded.
The goblin misses you.
You hit the goblin.
The goblin is severely wounded.
The goblin misses you.
You barely miss the goblin.
The goblin is severely wounded.
The goblin hits you with a club.
Ouch! That really hurt!
You die...

You could see a goblin and a giant newt.

Vanquished Creatures
  A giant gecko (D:1)
1 creature vanquished.

Action                   || total
-------------------------++-------
Melee: Dagger            ||    10
 Cast: Corona            ||     4
Armor: Robe              ||     1
Dodge: Dodged            ||    11

Vault maps used:
D:1:      dpeg_arrival_three_same_balls
